 Dungeon Crawl Stone Soup version 0.31-a0-836-g3ceb0a68c4 (webtiles) character file.

Game seed: 13128503756504305125

39 LeprechaunX the Changeling (level 3, 0/23 HPs)
             Began as an Octopode Shapeshifter on Sept 26, 2023.
             Killed from afar by Terence (7 damage)
             ... with a puff of flame
             ... on level 3 of the Dungeon.
             The game lasted 00:02:09 (1282 turns).

LeprechaunX the Changeling (Octopode Shapeshifter)  Turns: 1282, Time: 00:02:10

Health: 0/23       AC:  1    Str: 15    XL:     3   Next: 45%
Magic:  3/3        EV: 13    Int: 12    God:
Gold:   77         SH:  0    Dex: 11    Spells: 2/2 levels left

rFire   . . .        g - +3 rapier
rCold   . . .        (no shield)
rNeg    . . .        (helmet currently unavailable)
rPois   .            e - amulet of magic regeneration
rElec   .            (no ring)
rCorr   .            (no ring)
SInv    .            (no ring)
Will    .....        (no ring)
Stlth   ++           (no ring)
HPRegen 0.23/turn    (no ring)
MPRegen 0.48/turn    (no ring)
                     (no ring)

%: no passive effects
@: beast-form
A: beast (slay +2), almost no armour, amphibious, 8 rings, camouflage 1,
gelatinous body 1, (nimble swimmer 1), tentacles
a: Begin Untransformation


You were on level 3 of the Dungeon.
You were a hulking beast.
You visited 1 branch of the dungeon, and saw 3 of its levels.

You collected 77 gold pieces.

Inventory:

Hand Weapons
 g - a +3 rapier (weapon)
Jewellery
 e - an amulet of magic regeneration (around mantle)
Talismans
 b - a beast talisman (active)
 c - a flux talisman
Scrolls
 d - a scroll of brand weapon {unknown}
 f - a scroll of identify {unknown}
 h - a scroll of blinking {unknown}
Potions
 a - a potion of lignification
 i - a potion of attraction {unknown}
 j - 3 potions of haste {unknown}


   Skills:
 + Level 1.6 Fighting
 + Level 2.4 Dodging
 + Level 3.3 Unarmed Combat
 * Level 3.5 Shapeshifting


You had 2 spell levels left.
You didn't know any spells.
Your spell library contained the following spells:

 Spells                   Type           Power      Damage    Failure   Level
 Foxfire                  Conj/Fire      0%         2x1d4     32%         1
 Plasma Beam              Fire/Air       0%         2x1d10    100%        6
 Starburst                Conj/Fire      0%         6d3       100%        6


Dungeon Overview and Level Annotations

Branches:
Dungeon (3/15)

Altars:

Annotations:
D:3 Sigmund, Terence


Innate Abilities, Weirdness & Mutations

You are a hulking beast.
Your limbs bulge with bestial killing power. (Slay +2)
You cannot wear most types of armour.
You are amphibious.
You can wear up to eight rings at the same time.
Your skin changes colour to match your surroundings (Stealth+).
Your rubbery body absorbs attacks. (AC +1, EV +1)
((You are camouflaged when in or above water. (Stealth+)))
You have tentacles for arms and can constrict up to eight enemies at once.


Message History

No target in view!
No target in view!
Done exploring.
Done exploring.
Search for what [Enter for "."]? .
Unknown command.
There is a stone staircase leading down here.
You climb downwards.
There is a stone staircase leading up here.
There are monsters nearby!
You climb upwards.
There is a stone staircase leading down here.
There is a stone staircase leading down here.
You climb downwards.
Level annotation: Sigmund
There is a stone staircase leading up here.
j - 3 fuming golden potions (gained 1) Terence the Incautious comes into view.
He is wielding a +3 short sword of freezing and carrying a wand of flame.
Terence is nearby!
Terence is nearby!
Terence is nearby!
Terence shouts, "Now you die!" Terence misses you.
You hit Terence but do no damage. Your grab misses Terence.
You hear an angry hiss.
An adder comes into view.
Terence hits you with a +3 short sword of freezing.
Terence freezes you.
You barely miss Terence.
The adder hisses angrily.
Your grab misses Terence. You squeeze Terence.
Terence is moderately wounded.
Terence barely misses you.
Terence zaps a wand.
The puff of flame hits you!
* * * LOW HITPOINT WARNING * * *
You are too injured to fight recklessly!
You are too injured to fight recklessly!
You hit Terence. You grab Terence.
Terence is heavily wounded.
You constrict Terence.
Terence zaps a wand.
The puff of flame hits you!
You die...

. #.# #... #....
#.###.# ... #.###
#.#.... ... #
...#.#####.########
#.#.#..#..........
#.........########
#.#.####..........
+......#..########
#h#.##.#..#
......@.#.#.....#
......###.####.##
#####. ... #.# #
### #.# #.# #.# ...
#..


You could see Terence.

Vanquished Creatures
  4 ball pythons
  8 endoplasms
  A giant cockroach (D:1)
  4 goblins
  4 hobgoblins
  2 jackals (D:1)
  2 quokkas (D:1)
  3 bats (D:2)
  A frilled lizard (D:1)
  A kobold (D:2)
  3 rats (D:2)
33 creatures vanquished.

Notes
Turn   | Place    | Note
-------+----------+-------------------------------------------
     0 | D:1      | LeprechaunX the Octopode Shapeshifter began the quest for
                  | the Orb.
     0 | D:1      | Reached XP level 1. HP: 13/13 MP: 1/1
   247 | D:1      | Reached XP level 2. HP: 18/18 MP: 2/2
   466 | D:1      | You fall into a shaft and drop 1 floor!
   709 | D:2      | Reached XP level 3. HP: 14/23 MP: 3/3
  1218 | D:3      | Noticed Sigmund
  1277 | D:3      | Noticed Terence
  1282 | D:3      | Killed from afar by Terence

Illustrated notes

Levels and vault maps discovered:
D:1:      sevenhm_arrival_forest_fort_small_6, layout_basic, serial_park_tiny_1,
          nrook_mini_backslash
D:2:      layout_rooms
D:3:      layout_basic, grunt_ministairs_8, hangedman_decor_points,
          uniq_terence, uniq_natasha, uniq_sigmund, uniq_crazy_yiuf_cottage

Action                     || total
---------------------------++-------
  Melee: Unarmed           ||    40
         Constrict         ||    12
         Tentacles         ||     9
         Rapier            ||    22
         Punch             ||     1
   Stab: Sleeping          ||     3
 Armour: Skin              ||    21
  Dodge: Dodged            ||    36

Table legend: (Time is in decaauts)
 A = Elapsed time spent in this place.
 B = Non-inter-level travel time spent in this place.
 C = Inter-level travel time spent in this place.
 D = Time resting spent in this place.
 E = Time spent auto-exploring this place.
 F = Levels seen in this place.
 G = Mean time per level.
                   A        B        C        D        E       F      G
               +--------+--------+--------+--------+--------+-----+--------+
         Total |   1283 |   1252 |     31 |      0 |   1062 |   3 |  427.7 |
       Dungeon |   1283 |   1252 |     31 |      0 |   1062 |   3 |  427.7 |
               +--------+--------+--------+--------+--------+-----+--------+

Top non-repeatable levels by time:
     D:1: 653 daAuts
     D:2: 576 daAuts
     D:3: 52 daAuts
